 Dungeon Crawl Stone Soup version 0.27-a0-668-gb5737ff2c0 (webtiles) character file.

Game seed: 7871106036716388856

93 robertstho the Shield-Bearer (level 4, -4/29 HPs)
             Began as a Gargoyle Fighter on Mar 17, 2021.
             Slain by Prince Ribbit (11 damage)
             ... on level 5 of the Dungeon.
             The game lasted 00:03:03 (2553 turns).

robertstho the Shield-Bearer (Gargoyle Fighter)     Turns: 2553, Time: 00:03:04

Health: -4/29      AC: 11    Str: 21    XL:     4   Next: 62%
Magic:  4/4        EV:  7    Int:  8    God:
Gold:   108        SH:  9    Dex:  9    Spells: 3/3 levels left

rFire    . . .     SeeInvis .   a - +1 flail
rCold    . . .     Faith    .   c - +0 kite shield
rNeg     + + .     Spirit   .   b - +0 scale mail
rPois    ∞         Reflect  .   (no helmet)
rElec    +         Harm     .   (no cloak)
rCorr    .         Rampage  .   (no gloves)
Will     .....                  g - +0 pair of boots
Stlth    ..........             (no amulet)
HPRegen  0.09/turn              f - ring of positive energy
MPRegen  0.09/turn              (no ring)

@: mighty, about to teleport
A: AC +3, negative energy resistance 1, electricity resistance, torment
resistance 1, unbreathing 1, petrification resistance
a: no special abilities


You were on level 5 of the Dungeon.
You visited 1 branch of the dungeon, and saw 4 of its levels.

You collected 108 gold pieces.

Inventory:

Hand Weapons
 a - a +1 flail (weapon)
 k - a +2 mace of holy wrath
Armour
 b - a +0 scale mail (worn)
 c - a +0 kite shield (worn)
 g - a +0 pair of boots (worn)
Jewellery
 f - a ring of positive energy (right hand)
Scrolls
 e - 2 scrolls of teleportation
 h - a scroll of magic mapping {unknown}
 i - a scroll of identify
 j - a scroll of random uselessness {unknown}


   Skills:
 * Level 3.6 Fighting
 * Level 3.0 Maces & Flails
 * Level 3.9 Armour
 + Level 0.4 Dodging
 + Level 4.1 Shields


You had 3 spell levels left.
You didn't know any spells.
Your spell library contained the following spells:

 Spells                   Type           Power      Damage    Failure   Level
 Animate Skeleton         Necr           0%         N/A       99%         1
 Apportation              Tloc           0%         N/A       99%         1
 Corona                   Hex            0%         N/A       99%         1
 Magic Dart               Conj           0%         1d3       99%         1
 Summon Small Mammal      Summ           0%         N/A       99%         1
 Blink                    Tloc           N/A        N/A       100%        2
 Call Imp                 Summ           0%         N/A       100%        2
 Slow                     Hex            0%         N/A       100%        2
 Conjure Flame            Conj/Fire      0%         6-21      100%        3
 Mephitic Cloud           Conj/Pois/Air  0%         N/A       100%        3


Dungeon Overview and Level Annotations

Branches:
Dungeon (3/15)

Altars:

Annotations:
D:5 Prince Ribbit


Innate Abilities, Weirdness & Mutations

Your stone body is resilient. (AC +3)
You are immune to poison.
You resist negative energy. (rN+)
You are resistant to electric shocks. (rElec)
You are resistant to unholy torment.
You can survive without breathing.
You are immune to petrification.


Message History

You hit the adder.
The adder is heavily wounded.
The adder closely misses you. The adder bites you but does no damage.
You closely miss the adder.
The adder is heavily wounded.
The adder bites you but does no damage. The adder bites you.
You sock the adder!
You kill the adder!
You see here an adder corpse.
HP restored.
A jackal skeleton comes into view.
You hear the slow rusting of a distant drain.
You block the jackal skeleton's attack. x2
You sock the jackal skeleton!
You destroy the jackal skeleton!
Found 24 arrows.
You see here 24 arrows.
Found a glowing mace.
Prince Ribbit comes into view.
Prince Ribbit blinks!
You see here a +2 mace of holy wrath.
k - a +2 mace of holy wrath Prince Ribbit hits you.
You miss Prince Ribbit. You block Prince Ribbit's attack.
Prince Ribbit completely misses you.
You miss Prince Ribbit.
Prince Ribbit lets out a mournful croak.
You block Prince Ribbit's attack. Prince Ribbit hits you.
You closely miss Prince Ribbit.
You hear the slow rusting of a distant drain.
Prince Ribbit hits you! x2
* * * LOW HITPOINT WARNING * * *
You feel very mighty all of a sudden. You block Prince Ribbit's attack.
Prince Ribbit hops awkwardly around.
Prince Ribbit barely misses you. Prince Ribbit barely misses you.
As you read the scroll of teleportation, it crumbles to dust.
You feel strangely unstable.
Prince Ribbit blinks!
Prince Ribbit hits you!
You die...

#.#.# #.###
#.#.#####.#
#.#.......#
#.####..### #.# #..#
#.# #..# #######.#
#..#
#.###.......####..#
#.....@§..........#
#####F###########..§
#. ### #. #. #. #.
#.


You could see Prince Ribbit.

Vanquished Creatures
  3 adders
  A worm (D:2)
  3 dart slugs
  3 leopard geckos
  2 ball pythons
  5 bats
  2 giant cockroaches (D:1)
  8 goblins
  7 hobgoblins
  2 quokkas (D:1)
  2 frilled lizards (D:1)
  A jackal skeleton (D:5)
  8 kobolds
  7 rats
54 creatures vanquished.

Vanquished Creatures (others)
  23 plants (D:1)
23 creatures vanquished.

Grand Total: 77 creatures vanquished

Notes
Turn   | Place    | Note
-------+----------+-------------------------------------------
     0 | D:1      | robertstho the Gargoyle Fighter began the quest for the
                  | Orb.
     0 | D:1      | Reached XP level 1. HP: 14/14 MP: 1/1
   106 | D:1      | Reached XP level 2. HP: 8/19 MP: 2/2
   982 | D:1      | Reached XP level 3. HP: 23/23 MP: 3/3
  1342 | D:1      | HP: 1/23 [kobold/+0 rapier (3)]
  2019 | D:2      | Reached XP level 4. HP: 28/28 MP: 4/4
  2386 | D:3      | Reached skill level 4 in Shields
  2451 | D:3      | You fall into a shaft and drop 2 floors!
  2451 | D:5      | Entered Level 5 of the Dungeon
  2541 | D:5      | Noticed Prince Ribbit
  2553 | D:5      | Slain by Prince Ribbit

Illustrated notes

Levels and vault maps discovered:
D:1:      minmay_arrival_shattered_statue, layout_basic, serial_forest,
          infiniplex_forest_clump_medium, infiniplex_forest_straight_5,
          infiniplex_forest_side_room, infiniplex_forest_lined_3_way,
          infiniplex_forest_lined_4_way, lexackson_kobold_supper
D:2:      layout_loops_cross
D:3:      lemuel_castle_with_subvaults [lemuel_castle_interior_carwin_1],
          layout_basic, uniq_sigmund
D:5:      layout_loops_ring, old_standard_altar, gup_sewer_entry_bubbles,
          uniq_prince_ribbit1

Skill      XL: |  1  2  3  4 |
---------------+-------------+-----
Maces & Flails | 3 |  3.0
Shields        | 4 |  4.1
Fighting       | |  3.6
Armour         | |  3.9
Dodging        | |  0.4

Action                   |  1- 3 |  4- 6 || total
-------------------------+-------+-------++-------
Melee: Flail             |   189 |    47 ||   236
  Use: Scroll            |     3 |     1 ||     4
       Potion            |       |     1 ||     1
Armor: Scale mail        |   124 |    15 ||   139
Dodge: Dodged            |    62 |    24 ||    86
Block: Kite shield       |   115 |    19 ||   134

Table legend: (Time is in decaauts)
 A = Elapsed time spent in this place.
 B = Non-inter-level travel time spent in this place.
 C = Inter-level travel time spent in this place.
 D = Time resting spent in this place.
 E = Time spent auto-exploring this place.
 F = Levels seen in this place.
 G = Mean time per level.
                   A        B        C        D        E       F      G
               +--------+--------+--------+--------+--------+-----+--------+
         Total |   2671 |   2625 |     46 |    670 |   1357 |   4 |  667.8 |
       Dungeon |   2671 |   2625 |     46 |    670 |   1357 |   4 |  667.8 |
               +--------+--------+--------+--------+--------+-----+--------+

Top non-repeatable levels by time:
     D:1: 1823 daAuts
     D:2: 580 daAuts
     D:3: 161 daAuts
     D:5: 105 daAuts
